Map: Orbital Shipyard

Players

lesha

  • Race: Terran Terran

A.I. 1 (Elite) - Winner!

  • Race: Terran Terran

VOD

Have the link to the VOD?

Description

Time

  • Played on: Dec. 5, 2015, 10:02 a.m.
  • Length: 14:52
Show
View Real Time Build Order
Export as new Build Order

lesha Terran 

Build Orders: MMM Bio 

Get SALT Encoding   

  12  0:01  SCV  
  13  0:15  SCV  
  13  0:19  Supply Depot  
  14  0:27  SCV  
  15  0:40  SCV  
  15  0:42  Barracks  
  16  0:52  SCV  
  17  1:04  SCV  
  18  1:16  Command Center  
  18  1:19  SCV  
  19  1:27  Refinery  
  19  1:33  Orbital Command  
  19  1:38  Marine  
  20  1:49  Refinery  
  20  1:58  Marine  
  21  2:01  SCV  
  22  2:21  SCV  
  22  2:27  Marine  
  23  2:33  SCV  
  23  2:34  Orbital Command  
  23  2:36  Supply Depot  
  24  2:44  Factory  
  24  2:54  SCV  
  24  2:55  Barracks  
  25  3:00  SCV  
  26  3:06  SCV  
  26  3:09  Marine  
  26  3:12  SCV  
  29  3:18  SCV  
  30  3:24  SCV  
  31  3:29  Starport  
  31  3:30  SCV, Factory Tech Lab  
  32  3:38  SCV  
  33  3:42  SCV  
  33  3:45  Supply Depot  
  33  3:48  Supply Depot  
  34  3:49  Barracks Reactor  
  34  3:50  SCV  
  34  3:54  SCV  
  36  3:55  Marine  
  37  4:02  SCV  
  37  4:06  SCV  
  39  4:20  SCV x2  
  39  4:21  Barracks  
  41  4:25  Banshee  
  41  4:26  Cloaking Field  
  44  4:34  Marine x2  
  44  4:35  Barracks Tech Lab  
  44  4:36  Factory Tech Lab  
  46  4:42  Command Center  
  46  4:46  SCV x2  
  48  4:55  Refinery  
  48  4:56  Refinery  
  48  4:58  SCV  
  48  4:59  Stimpack  
  49  5:00  Marine  
  49  5:01  Marine  
  49  5:02  Marauder  
  53  5:12  Supply Depot  
  53  5:15  Supply Depot  
  53  5:18  Engineering Bay x2  
  53  5:21  Banshee  
  53  5:23  Marauder  
  58  5:31  Starport  
  58  5:37  Barracks Reactor  
  58  5:51  SCV x2  
  58  5:54  Terran Infantry Weapons Level 1  
  58  5:55  Terran Infantry Armor Level 1  
  60  6:01  Marine x2  
  60  6:02  Marauder  
  60  6:03  SCV x2  
  66  6:17  SCV  
  66  6:18  SCV  
  68  6:20  SCV  
  68  6:24  Marauder  
  71  6:29  SCV  
  69  6:34  Starport Reactor  
  69  7:00  Combat Shields  
  69  7:04  Barracks  
  69  7:08  Barracks x2  
  69  7:09  Armory  
  69  7:13  SCV  
  69  7:14  SCV  
  71  7:22  Orbital Command  
  71  7:25  SCV  
  72  7:31  Marine x2  
  72  7:32  Marine x2  
  72  7:33  Marauder  
  72  7:34  Medivac x2  
  72  7:35  Medivac  
  72  7:36  Siege Tank  
  87  7:47  SCV x2  
  89  7:54  Marauder  
  89  7:58  Supply Depot  
  91  7:59  Supply Depot  
  91  8:00  Supply Depot  
  91  8:01  SCV x2  
  91  8:04  Supply Depot x2  
  93  8:14  Command Center, Terran Infantry Weapons Level 2, Terran Infantry Armor Level 2  
  93  8:19  Barracks Reactor x2, Marine x4  
  101  8:20  SCV, Barracks Tech Lab, Siege Tank  
  101  8:22  Marauder  
  103  8:29  Medivac x2  
  107  8:37  Marine x3  
  110  8:41  Refinery  
  110  8:43  SCV x3, Marauder  
  110  8:44  Refinery  
  115  8:49  Marine x2  
  115  8:52  Medivac  
  115  8:55  SCV x3, Marine x2  
  120  8:59  Medivac  
  80  9:24  Marine x5  
  80  9:25  Marine  
  80  9:26  Marauder x2  
  80  9:27  Marine x2  
  80  9:29  Medivac x3  
  98  9:40  Orbital Command  
  98  9:42  Marine x5  
  103  9:47  Marauder x2  
  107  9:58  Marine x3  
  107  9:59  Marine, Medivac  
  113  10:07  SCV x3  
  113  10:12  SCV  
  117  10:17  Marine x5  
  117  10:18  Marauder x2  
  117  10:19  SCV x2  
  117  10:20  SCV, Marine  
  117  10:21  Marine x2  
  132  10:24  Medivac x2  
  136  10:29  Medivac  
  136  10:34  Marine  
  139  10:38  Marine x4  
  139  10:39  Marauder, Marine x2  
  147  10:55  Marine  
  147  10:56  Barracks x2  
  148  10:57  Barracks  
  148  10:59  Terran Infantry Weapons Level 3  
  148  11:13  Supply Depot  
  148  11:14  Supply Depot  
  148  11:17  Supply Depot  
  148  11:18  Supply Depot  
  148  11:20  Supply Depot  
  148  11:34  Marauder, Medivac x2, Marine x2  
  148  11:35  Medivac, Marine x6  
  148  11:38  Marine  
  165  11:46  Barracks  
  165  11:50  Marine x3  
  165  11:52  Marine x2  
  165  11:53  Marine x6  
  176  11:56  Marine, Marauder  
  174  12:04  Medivac x2  
  174  12:05  Medivac  
  174  12:08  Marine x3  
  180  12:09  Marine  
  180  12:10  Marauder  
  180  12:11  Marine x2  
  180  12:15  Marine x2  
  188  12:17  Marauder  
  150  12:33  Marine x4  
  150  12:36  Marine x3  
  150  12:37  Marine x5  
  153  12:38  Marine  
  153  12:39  Medivac x3  
  165  12:51  Marine x4  
  166  12:54  Marine  
  150  13:02  Marine x2  
  150  13:03  Marine x6  
  112  13:08  Marine  
  112  13:09  Medivac x3, Marine x3  
  112  13:12  Marine  
  98  13:20  Marine x3  
  98  13:21  Marine x3  
  98  13:22  Marauder x2  
  98  13:26  Marine x2  
  98  13:27  Marine x2  
  97  13:30  Marine  
  96  13:38  Marine  
  95  13:43  Marauder x2  
  94  14:02  Marine x4  
  71  14:03  Marine x5  
  71  14:04  Marauder x2  
  84  14:13  Barracks Reactor  
  83  14:20  Barracks Reactor, Marine x5  
  83  14:21  Marine x3  
  83  14:23  Barracks Reactor  
  90  14:26  Marauder x2  
Show
View Real Time Build Order
Export as new Build Order

A.I. 1 (Elite) Terran - Winner!

Build Orders: Bio Tank 

Get SALT Encoding   

  12  0:00  SCV  
  13  0:13  SCV  
  14  0:19  Supply Depot  
  14  0:25  SCV  
  15  0:41  SCV  
  16  0:53  SCV  
  16  0:54  Refinery  
  16  0:56  Barracks  
  17  1:05  SCV  
  18  1:17  SCV  
  19  1:27  Command Center  
  19  1:38  Supply Depot  
  19  1:39  SCV  
  20  1:43  Marine  
  21  1:59  Factory  
  21  2:10  Barracks  
  21  2:12  SCV  
  22  2:16  Marine  
  23  2:24  SCV  
  23  2:29  Supply Depot  
  24  2:36  SCV, Marine  
  26  2:44  Factory Tech Lab  
  26  2:46  SCV  
  27  2:54  Marine  
  28  3:00  Orbital Command  
  28  3:06  Refinery  
  28  3:12  Orbital Command  
  28  3:14  Marine  
  29  3:20  Marine  
  29  3:25  SCV  
  31  3:32  Marine  
  32  3:37  SCV x2, Marine  
  35  3:48  Barracks  
  35  3:49  SCV x2  
  35  3:50  Marine  
  38  3:56  Barracks Tech Lab  
  38  4:01  SCV  
  38  4:02  SCV  
  40  4:03  Supply Depot  
  40  4:09  Barracks Tech Lab  
  40  4:13  SCV  
  40  4:14  SCV, Marine  
  43  4:17  Stimpack  
  43  4:18  Siege Tank  
  46  4:25  SCV  
  46  4:26  SCV  
  46  4:27  Combat Shields, Marine  
  49  4:32  Marine  
  49  4:35  Marine  
  49  4:38  SCV x2, Supply Depot  
  53  4:44  Marine  
  54  4:50  SCV x2  
  54  4:51  Marauder  
  58  4:55  Refinery  
  58  5:01  Engineering Bay  
  58  5:02  SCV, Engineering Bay  
  58  5:03  Marauder  
  58  5:05  SCV  
  62  5:12  Marauder  
  62  5:13  Command Center  
  64  5:14  SCV  
  65  5:23  Supply Depot  
  65  5:25  Marauder  
  65  5:27  SCV  
  65  5:28  Terran Infantry Weapons Level 1, SCV  
  69  5:29  Terran Infantry Armor Level 1  
  69  5:36  Barracks Reactor  
  69  5:39  SCV  
  70  5:44  Refinery  
  70  5:45  SCV, Siege Tank, Marauder  
  70  5:46  Missile Turret  
  70  5:49  Supply Depot  
  76  5:51  SCV  
  76  5:54  Marauder  
  78  6:09  Missile Turret  
  81  6:11  SCV, Marauder  
  81  6:14  Barracks  
  81  6:15  Supply Depot  
  81  6:17  Siege Tank  
  85  6:18  SCV  
  85  6:19  Starport  
  85  6:23  SCV  
  85  6:25  SCV, Marauder  
  89  6:28  Concussive Shells  
  89  6:30  SCV  
  90  6:33  Marauder  
  90  6:35  SCV  
  90  6:37  SCV  
  94  6:42  SCV  
  94  6:46  Marauder  
  97  6:47  SCV  
  97  6:49  SCV, Siege Tank  
  97  6:50  Supply Depot  
  102  6:54  SCV  
  102  6:58  Starport Reactor  
  103  7:01  SCV, Missile Turret  
  103  7:02  SCV  
  103  7:07  SCV  
  106  7:10  Marine  
  106  7:12  Marine  
  106  7:13  SCV  
  109  7:16  SCV  
  109  7:17  Missile Turret  
  109  7:19  SCV, Marauder  
  109  7:21  Supply Depot  
  113  7:25  SCV  
  113  7:29  Marauder  
  116  7:30  Armory  
  116  7:34  SCV  
  117  7:38  Orbital Command  
  117  7:40  Refinery  
  117  7:43  SCV, Siege Tank, Missile Turret, Medivac  
  123  7:46  Supply Depot  
  123  7:57  Refinery  
  123  8:03  Missile Turret  
  123  8:08  SCV x3, Medivac  
  123  8:11  Supply Depot  
  128  8:15  Siege Tank  
  128  8:16  Terran Infantry Weapons Level 2  
  131  8:22  Command Center, Terran Vehicle Weapons Level 1  
  131  8:28  Missile Turret  
  131  8:33  SCV  
  132  8:35  Supply Depot  
  132  8:38  Armory  
  74  8:41  Medivac  
  132  8:46  Widow Mine  
  136  8:54  Marine x4  
  136  8:55  Factory, Marine  
  131  9:00  Starport  
  131  9:01  Supply Depot  
  112  9:05  Viking  
  108  9:11  Viking  
  108  9:12  Marine x4  
  108  9:13  Marauder  
  108  9:15  Widow Mine  
  107  9:25  Terran Vehicle And Ship Armor Level 1  
  107  9:29  Marine  
  107  9:30  Marine x2  
  107  9:31  Marine  
  111  9:34  Hi-Sec Auto Tracking, Marauder  
  111  9:35  Viking, Refinery  
  111  9:38  Widow Mine  
  115  9:41  Planetary Fortress  
  115  9:42  Refinery, Starport Tech Lab  
  115  9:44  Missile Turret, Widow Mine  
  119  9:47  Missile Turret  
  119  9:48  Marauder, Marine  
  122  9:53  Barracks  
  122  9:55  Barracks Tech Lab, Marauder  
  122  9:57  Marine  
  125  10:00  Command Center  
  125  10:02  Raven  
  125  10:06  Marine  
  128  10:07  Factory Tech Lab  
  128  10:09  Marauder  
  128  10:13  Siege Tank  
  133  10:15  Marine  
  133  10:16  Marine  
  133  10:17  Marauder  
  137  10:23  Marine, Medivac  
  137  10:26  Siege Tank  
  143  10:30  Marine  
  143  10:31  Building Armor  
  143  10:33  Marine  
  143  10:35  Marauder  
  147  10:37  Supply Depot  
  147  10:38  Marine  
  147  10:42  Terran Infantry Weapons Level 3  
  148  10:45  Siege Tank, Raven  
  148  10:48  Marauder  
  155  10:52  Marine  
  155  10:53  Marine  
  155  10:54  SCV, Viking  
  155  10:56  Marauder, Marine  
  162  10:58  Siege Tank, Medivac  
  162  11:02  Supply Depot  
  167  11:08  Marauder  
  169  11:12  Marine  
  170  11:23  Terran Vehicle Weapons Level 2  
  170  11:27  Cyclone  
  170  11:28  Planetary Fortress, Refinery  
  170  11:29  Command Center  
  170  11:30  Missile Turret, Liberator  
  170  11:32  Missile Turret  
  173  11:33  Missile Turret  
  173  11:34  Cyclone  
  173  11:36  Missile Turret  
  173  11:38  Missile Turret  
  176  11:41  Missile Turret  
  176  11:44  Refinery  
  179  11:55  Factory  
  179  11:57  Viking x2  
  179  12:00  Hellion  
  182  12:07  Hellion  
  184  12:09  Infernal Pre-Igniter  
  184  12:19  Marine x5  
  184  12:21  Siege Tank, Marine  
  165  12:26  Viking  
  165  12:27  Thor, Viking  
  157  12:30  Viking  
  157  12:36  Marine  
  160  12:37  Marine  
  160  12:38  Hellion  
  160  12:41  SCV  
  160  12:43  Planetary Fortress  
  163  12:53  Thor  
  163  12:54  Missile Turret  
  163  12:56  Viking  
  163  12:57  Viking  
  167  13:00  Hellion, Viking  
  166  13:10  Missile Turret  
  166  13:11  Siege Tank  
  157  13:22  Factory Tech Lab  
  157  13:24  High Capacity Fuel Tanks  
  157  13:26  Medivac  
  151  13:32  Marine x2  
  151  13:33  Marine  
  154  13:36  Hellion, Marine  
  154  13:37  Factory, Marine x2  
  154  13:40  Widow Mine  
  161  13:43  Siege Tank  
  161  13:47  Command Center  
  164  13:51  Marine, Marauder  
  163  13:57  Thor  
  166  14:09  Cyclone, Marine  
  170  14:15  Hellion, Marauder  
  174  14:19  Marauder  
  174  14:21  Hellion  
  180  14:24  Marauder  
  180  14:30  Ghost Academy  
Tags
 
Add a new tag
Caveats
  • Supply blocks, unpowered buildings, or Contaminate may cause inaccurate times.
  • Supply counts are checked every 10 seconds.